 Dungeon Crawl Stone Soup version 0.23-a0-394-g6ce9549 (webtiles) character file.

247 sleepydude the Shield-Bearer (level 6, -2/53 HPs)
             Began as a Hill Orc Fighter on Oct 31, 2018.
             Was an Initiate of Okawaru.
             Slain by a sky beast (6 damage)
             ... on level 5 of the Dungeon.
             The game lasted 00:05:44 (2008 turns).

sleepydude the Shield-Bearer (Hill Orc Fighter)     Turns: 2008, Time: 00:05:44

Health: -2/53      AC:  5    Str: 21    XL:     6   Next: 11%
Magic:  6/6        EV:  9    Int:  8    God:    Okawaru [......]
Gold:   229        SH:  9    Dex: 10    Spells: 5/5 levels left

rFire    + . .     SeeInvis .   a - +0 flail
rCold    . . .     Gourm    .   c - +0 shield
rNeg     . . .     Faith    .   o - +0 troll leather armour
rPois    .         Spirit   .   (no helmet)
rElec    .         Reflect  .   (no cloak)
rCorr    .         Harm     .   (no gloves)
MR       .....                  r - +0 pair of boots
Stlth    +.........             (no amulet)
HPRegen  0.57/turn              g - ring of protection from fire
MPRegen  0.10/turn              (no ring)

@: lethally poisoned (-2 -> -2), hasted, very quick
A: no striking features
a: Renounce Religion


You were on level 5 of the Dungeon.
You worshipped Okawaru.
Okawaru was noncommittal.
You were not hungry.

You visited 1 branch of the dungeon, and saw 4 of its levels.

You collected 229 gold pieces.

Inventory:

Hand Weapons
 a - a +0 flail (weapon)
Armour
 b - a +0 scale mail
 c - a +0 shield (worn)
 j - a +2 ring mail of poison resistance
 o - a +0 troll leather armour (worn)
 r - a +0 pair of boots (worn)
Jewellery
 g - a ring of protection from fire (left hand)
Scrolls
 e - 2 scrolls of fog {unknown}
 k - 3 scrolls of identify {@r1}
 l - a scroll of remove curse {@r2}
 n - a scroll of enchant armour {unknown}
 q - a scroll of amnesia {unknown}
Potions
 h - a potion of invisibility {unknown}
 p - a potion of lignification {unknown}
Comestibles
 f - 6 rations
 i - 3 chunks of flesh


   Skills:
 + Level 4.3 Fighting
 + Level 4.2 Maces & Flails
 + Level 4.2 Armour
 + Level 1.2 Dodging
 + Level 4.6 Shields


You had 5 spell levels left.
You didn't know any spells.
Your spell library was empty.

Dungeon Overview and Level Annotations

Branches:
Dungeon (5/15)             Temple (0/1) D:4

Altars:
Cheibriados
Elyvilon
Gozag
Hepliaklqana
Okawaru
Qazlal
Sif Muna

Shops:
D:5 [=

Annotations:
D:4 Dowan, Menkaure


Message History

You block the adder's attack. The hound barely misses you.
Something hits you but does no damage.
You barely miss the adder.
The adder is severely wounded.
You block the adder's attack. The crimson imp hits you.
* * * LOW HITPOINT WARNING * * *
You block the hound's attack.
Your shield and troll leather armour prevent you from hitting the adder.
The adder is severely wounded.
You block the adder's attack.
A sky beast appears from thin air!
Reactivating autopickup.
The sky beast barely misses you. The hound bites you but does no damage.
The crimson imp closely misses you.
You hit the adder.
You kill the adder!
Okawaru accepts your kill.
You feel sick. The hound barely misses you. The sky beast hits you.
* * * LOW HITPOINT WARNING * * *
The sky beast shocks you.
You die...

.......... #..... #...
..........##...... ....
...........#...... ....
#............#..........
...............).......
# #..........#..........
#..##........##......##.
......<5................
#.....h@..#.............
#.....Y†..#........#.###
#....∩...###.......#.#..
#.......## #..(.........
.......#####......##....
..#.... ##........##...(
. ###..............#....
#.>.........#(......
..................


You could see a sky beast, a hound and a crimson imp.

Vanquished Creatures
  A bullfrog zombie (D:5)
  An orc wizard (D:5)
  Terence (D:2)
  2 worker ants (D:4)
  A worker ant zombie (D:5)
  4 adders
  A worm (D:2)
  4 dart slugs
  A leopard gecko (D:1)
  6 orcs
  3 ball pythons
  A bat (D:1)
  A giant cockroach (D:1)
  5 goblins
  2 hobgoblins
  9 jackals
  3 frilled lizards
  A giant cockroach zombie (D:5)
  2 kobolds (D:1)
  3 rats (D:1)
52 creatures vanquished.

Notes
Turn   | Place    | Note
-------+----------+-------------------------------------------
     0 | D:1      | sleepydude the Hill Orc Fighter began the quest for the
                  | Orb.
     0 | D:1      | Reached XP level 1. HP: 19/19 MP: 1/1
   193 | D:1      | Reached XP level 2. HP: 27/27 MP: 2/2
   447 | D:1      | Reached XP level 3. HP: 25/33 MP: 3/3
  1177 | D:2      | Noticed Terence
  1193 | D:2      | Killed Terence
  1193 | D:2      | Reached XP level 4. HP: 27/40 MP: 4/4
  1397 | D:2      | Found a deep blue altar of Sif Muna.
  1397 | D:2      | Found a hazy altar of Hepliaklqana.
  1398 | D:2      | Found a white marble altar of Elyvilon.
  1399 | D:2      | Found a snail-covered altar of Cheibriados.
  1428 | D:2      | Found a stormy altar of Qazlal.
  1428 | D:2      | Found an iron altar of Okawaru.
  1429 | D:2      | Found an opulent altar of Gozag.
  1441 | D:2      | Became a worshipper of Warmaster Okawaru
  1507 | D:2      | You fall through a shaft for 2 floors!
  1507 | D:4      | Found a staircase to the Ecumenical Temple.
  1666 | D:4      | Reached XP level 5. HP: 35/46 MP: 5/5
  1764 | D:4      | Noticed Menkaure
  1764 | D:4      | Noticed Dowan
  1771 | D:5      | Entered Level 5 of the Dungeon
  1899 | D:5      | Found Lughakod's Jewellery Boutique.
  1931 | D:5      | Reached skill level 1 in Dodging
  1931 | D:5      | Reached XP level 6. HP: 44/53 MP: 6/6
  1986 | D:5      | Found Teahucw's Antique Armour Emporium.
  1991 | D:5      | Noticed a sky beast
  2008 | D:5      | Slain by a sky beast

Vault maps used:
D:1:      dpeg_arrival_castle
D:2:      gammafunk_temple_overflow_wave, grunt_temple_overflow_open,
          uniq_terence, uniq_natasha, uniq_crazy_yiuf_cottage
D:4:      tgw_xom, minmay_temple_entry_glass, first_ration, uniq_menkaure,
          uniq_grinder, uniq_duvessa
D:5:      old_standard_altar, basic_altar, serial_shops, shop,
          nicolae_shop_statue_plus, shop, shop_coins

Skill      XL: |  1  2  3  4  5 |
---------------+----------------+-----
Fighting       | 4 |  4.3
Maces & Flails | 3 4 |  4.2
Armour         | 4 |  4.2
Shields        | 4 |  4.6
Dodging        | 1 |  1.2

Action                   |  1- 3 |  4- 6 || total
-------------------------+-------+-------++-------
Melee: Flail             |   117 |   128 ||   245
  Use: Scroll            |     2 |       ||     2
       Potion            |       |     2 ||     2
  Eat: Chunk             |     1 |     3 ||     4
Armor: Scale mail        |    50 |       ||    50
       Ring mail         |       |    21 ||    21
       Troll leather arm |       |    53 ||    53
Dodge: Dodged            |    35 |    80 ||   115
Block: Shield            |    76 |   105 ||   181

Table legend:
 A = Non-vault XP
 B = Vault XP
 C = Vault XP percentage of total XP
 D = Non-vault monster count
 E = Vault monster count
 F = Vault count percentage of total count
                 A         B        C        D         E       F
            +---------+---------+-------+---------+---------+-------
      Total |     321 |      32 |   9.1 |      51 |       1 |   1.9
            +---------+---------+-------+---------+---------+-------
        D:1 |      40 |       0 |   0.0 |      20 |       0 |   0.0
        D:2 |      48 |      32 |  40.0 |      11 |       1 |   8.3
        D:4 |      79 |       0 |   0.0 |       7 |       0 |   0.0
        D:5 |     154 |       0 |   0.0 |      13 |       0 |   0.0
            +---------+---------+-------+---------+---------+-------
